 Dungeon Crawl Stone Soup version 0.32-a0-128-g77eb882913 (webtiles) character file.

Game seed: 14955717350244768769

1378 jestert79 the Grappler (level 8, -2/67 HPs)
             Began as a Troll Hedge Wizard on Feb 7, 2024.
             Was an Initiate of Cheibriados.
             Slain by a hound (4 damage)
             ... on level 6 of the Dungeon.
             The game lasted 00:10:06 (4455 turns).

jestert79 the Grappler (Troll Hedge Wizard)         Turns: 4455, Time: 00:10:06

Health: -2/67      AC:  4    Str: 28    XL:     8   Next: 39%
Magic:  10/10      EV:  9    Int: 17    God:    Cheibriados [......]
Gold:   279        SH:  5    Dex: 10    Spells: 8/11 levels left

rFire   . .          .
                       - Unarmed
rCold   . . .        (no shield)
rNeg    . . .        b - +0 robe
rPois   .            c - +0 hat
rElec   .            (no cloak)
rCorr   .            (gloves unavailable)
SInv    .            (boots unavailable)
Will    .....        l - amulet of reflection
Stlth   +            r - +6 ring of intelligence
HPRegen 1.11/turn    x - +6 ring of strength
MPRegen 0.12/turn

%: reflection
@: invisible, very slow
A: large, unfitting armour, claws 3, regeneration 1, shaggy fur 1, tough skin 1
a: Renounce Religion


You were on level 6 of the Dungeon.
You worshipped Cheibriados.
Cheibriados was noncommittal.
You visited 2 branches of the dungeon, and saw 7 of its levels.
You also visited: Sewer.

You collected 279 gold pieces.

Inventory:

Hand Weapons
 a - a +0 dagger
Missiles
 g - 4 curare-tipped darts
Armour
 b - a +0 robe (worn)
 c - a +0 hat (worn)
Jewellery
 l - an amulet of reflection (around neck)
 n - an amulet of magic regeneration
 r - a +6 ring of intelligence (left claw)
 x - a +6 ring of strength (right claw)
 y - the ring "Buediusm" {rElec SInv}
   (You found it on level 6 of the Dungeon)

   [ring of see invisible]

   rElec:     It insulates you from electricity.
   SInv:      It lets you see invisible.
 z - a ring of ice
 F - an amulet of the acrobat
Wands
 p - a wand of roots (10)
 t - a wand of paralysis (8)
 v - a wand of polymorph (8)
 A - a wand of flame (36)
Scrolls
 e - 5 scrolls of vulnerability {unknown}
 f - 9 scrolls of identify {unknown}
 h - a scroll of poison {unknown}
 i - a scroll of brand weapon {unknown}
 j - 2 scrolls of enchant armour {unknown}
 k - a scroll of silence {unknown}
 m - a scroll of acquirement {unknown}
 s - 3 scrolls of teleportation {unknown}
 u - 2 scrolls of fear {unknown}
 w - a scroll of torment {unknown}
Potions
 d - a potion of magic
 o - 2 potions of invisibility
 q - 3 potions of curing
 B - 3 potions of haste {unknown}
 C - a potion of mutation {unknown}
 D - a potion of cancellation {unknown}
 E - a potion of heal wounds {unknown}
 G - a potion of enlightenment {unknown}


   Skills:
 - Level 1.5 Dodging
 - Level 1.0 Stealth
 + Level 10.3 Unarmed Combat
 - Level 2.0 Spellcasting
 - Level 0.6 Conjurations
 - Level 0.6 Summonings
 - Level 0.6 Translocations


You had 8 spell levels left.
You knew the following spells:

 Your Spells              Type           Power      Damage    Failure   Level
a - Magic Dart            Conj           12%        1d3       16%         1
b - Blink                 Tloc           6%         N/A       22%         2

Your spell library contained the following spells:

 Spells                   Type           Power      Damage    Failure   Level
 Slow                     Hex            4%         N/A       19%         1
 Call Imp                 Summ           6%         N/A       22%         2
 Cigotuvi's Dreadful Rot  Necr/Alch/Air  2%         N/A       28%         2
 Sublimation of Blood     Necr           1%         N/A       28%         2
 Mephitic Cloud           Conj/Alch/Air  2%         N/A       47%         3
 Animate Dead             Necr           1%         N/A       88%         4
 Haunt                    Necr/Summ      1%         N/A       100%        7
 Summon Hydra             Summ           1%         N/A       100%        7
 Infestation              Necr           0%         N/A       100%        8


Dungeon Overview and Level Annotations

Branches:
Dungeon (6/15)             Temple (1/1) D:5           Sewer (visited)

Altars:
Ashenzari
Cheibriados
Elyvilon
Gozag
Hepliaklqana
Makhleb
Nemelex Xobeh
Okawaru
Qazlal
Ru
Trog
Uskayaw
Wu Jian
Xom
Yredelemnul
Zin
The Shining One


Innate Abilities, Weirdness & Mutations

You are too large for most types of armour.
You have claws for hands.
Your natural rate of healing is unusually fast.
You are covered in fur. (AC +1)
You have tough skin. (AC +1)


Message History

A wight comes into view. It is wielding a +3 falchion.
You block the hound's attack. The sleepcap releases spores at you.
You mangle the sleepcap!!
You destroy the sleepcap!
Cheibriados appreciates the change of pace.
You block the hound's attack.
The electric eel shoots out a bolt of lightning at you!
The bolt of electricity hits you.
Unknown command.
You block the hound's attack. The hound completely misses you.
Unknown command.
Unknown command.
You mangle the electric eel!!
You kill the electric eel!
Cheibriados appreciates the change of pace.
You hear a splash.
The hound bites you.
Unknown command.
You block the hound's attack. The hound closely misses you.
The hound bites you.
The electric eel shoots out a bolt of lightning at you!
The bolt of electricity hits you. The bolt of electricity hits you!
The sky beast flickers out of sight!
Deactivating autopickup; reactivate with Ctrl-A.
The hound misses you. The hound attacks as it pursues you!
The hound barely misses you.
The electric eel shoots out a bolt of lightning at you!
The bolt of electricity hits something.
The bolt of electricity hits the hound!
The bolt of electricity hits you!
* * * LOW HITPOINT WARNING * * *
The bolt of electricity hits you!
* * * LOW HITPOINT WARNING * * *
The hound bites you.
* * * LOW HITPOINT WARNING * * *
Unknown command.
It was a potion of invisibility.
You fade into invisibility!
The hound bites you.
You die...
Cheibriados appreciates the motionlessness of death.

##### ...##....
##..........##
....Y.......#
............##
............# ##
............## #.
..######...##...##..###.
.......@.#########......
.######zh#..............
#..............#####.
#....z...<.....# #>
#........♣.♣.........
#.....<.S♣~♣~........
#......♣~~~~~~.....#.
#.....♣~~~~~~~.###...
#.....~~P~~P~~♣. ....


You could see a sky beast (unable to see you), a hound, an electric eel (unable
to see you) and 2 wights.

Vanquished Creatures
  Prince Ribbit (D:5)
  A water moccasin (D:5)
  An ogre (D:5)
  3 kobold brigands (Sewer)
  A bullfrog (D:6)
  3 scorpions
  A howler monkey (D:5)
  An electric eel (D:6)
  A bombardier beetle (D:4)
  3 hounds
  An orc priest (D:6)
  A sleepcap (D:6)
  3 orc wizards
  Ijyb (D:2)
  7 adders
  A shadow imp (D:6)
  2 white imps (D:5)
  A ribbon worm (D:2)
  17 orcs
  9 endoplasms
  5 giant cockroaches
  9 goblins
  6 hobgoblins
  5 quokkas
  15 ball pythons
  6 bats
  3 frilled lizards (D:1)
  12 kobolds
  5 rats
125 creatures vanquished.

Notes
Turn   | Place    | Note
-------+----------+-------------------------------------------
     0 | D:1      | jestert79 the Troll Hedge Wizard began the quest for the
                  | Orb.
     0 | D:1      | Reached XP level 1. HP: 16/16 MP: 2/2
    78 | D:1      | Reached skill level 1 in Unarmed Combat
   144 | D:1      | Reached XP level 2. HP: 18/24 MP: 4/4
   247 | D:1      | Reached skill level 2 in Unarmed Combat
   274 | D:1      | Found a faded altar of an unknown god.
   856 | D:2      | Reached XP level 3. HP: 31/31 MP: 5/5
   875 | D:2      | Identified the +9 dagger of Fosaapt {freeze, Will+}
   973 | D:2      | Reached skill level 3 in Unarmed Combat
  1069 | D:2      | Learned a level 2 spell: Blink
  1427 | D:2      | Noticed Ijyb
  1447 | D:2      | Killed Ijyb
  1448 | D:2      | Reached XP level 4. HP: 3/39 MP: 6/6
  2130 | D:3      | Reached skill level 4 in Unarmed Combat
  2271 | D:3      | You fall into a shaft and drop 3 floors!
  2311 | D:6      | Noticed a bullfrog
  2325 | D:6      | Killed a bullfrog
  2326 | D:6      | Reached skill level 5 in Unarmed Combat
  2326 | D:6      | Reached XP level 5. HP: 33/45 MP: 7/7
  2388 | D:6      | Identified the ring "Buediusm" {rElec SInv}
  2419 | D:6      | Reached XP level 6. HP: 48/53 MP: 8/8
  2426 | D:6      | Reached skill level 6 in Unarmed Combat
  2454 | D:5      | Entered Level 5 of the Dungeon
  2669 | D:4      | Found a glowing drain.
  2703 | Sewer    | Entered a sewer
  2744 | Sewer    | Reached skill level 7 in Unarmed Combat
  2748 | Sewer    | HP: 2/53 [kobold brigand/+0 short sword (4)]
  2756 | Sewer    | Reached XP level 7. HP: 13/59 MP: 9/9
  3052 | D:4      | Reached skill level 8 in Unarmed Combat
  3333 | D:5      | Noticed Prince Ribbit
  3353 | D:5      | Killed Prince Ribbit
  3354 | D:5      | Reached skill level 9 in Unarmed Combat
  3441 | D:5      | Reached XP level 8. HP: 67/67 MP: 10/10
  3803 | D:5      | Found a staircase to the Ecumenical Temple.
  4106 | D:5      | Reached skill level 10 in Unarmed Combat
  4394 | Temple   | Entered the Ecumenical Temple
  4413 | Temple   | Became a worshipper of Cheibriados the Contemplative
  4454 | D:6      | HP: 2/67 [electric eel/bolt of electricity (15)]
  4455 | D:6      | Slain by a hound

Illustrated notes

Levels and vault maps discovered:
D:1:      sevenhm_arrival_forest_fort_large_2, layout_loops_cross,
          chequers_ecumenical_altar_simple,
          wander_ebering_terrifying_dragon_lair
D:2:      kennysheep_the_goblin_king, layout_basic, roderic_roman_lattice
D:3:      layout_loops_ring
D:4:      layout_rooms, portal_sewer_entry_a
D:5:      layout_gridville, minmay_temple_entry_from_below_b,
          uniq_prince_ribbit1
D:6:      layout_rooms, nicolae_sif_muna_little_library, serial_bayou_lake_a
Temple:   nicolae_temple_bog_church

Skill      XL: |  1  2  3  4  5  6  7  8 |
---------------+-------------------------+-----
Unarmed Combat | 1 2 3 5 7 9 10 | 10.3
Dodging        | |  1.5
Stealth        | |  1.0
Spellcasting   | |  2.0
Conjurations   | |  0.6
Summonings     | |  0.6
Translocations | |  0.6

Action                     |  1- 3 |  4- 6 |  7- 9 || total
---------------------------+-------+-------+-------++-------
  Melee: Unarmed           |   113 |   144 |   124 ||   381
         Punch             |     3 |     3 |     6 ||    12
   Cast: Magic Dart        |       |       |     8 ||     8
    Use: Potion            |       |     1 |     1 ||     2
   Stab: Sleeping          |     1 |     1 |       ||     2
 Armour: Robe              |    83 |    93 |    83 ||   259
  Dodge: Dodged            |    49 |    41 |    42 ||   132
  Block: Other             |     5 |    34 |    18 ||    57
         Reflection        |       |     1 |       ||     1

Table legend: (Time is in decaauts)
 A = Elapsed time spent in this place.
 B = Non-inter-level travel time spent in this place.
 C = Inter-level travel time spent in this place.
 D = Time resting spent in this place.
 E = Time spent auto-exploring this place.
 F = Levels seen in this place.
 G = Mean time per level.
                   A        B        C        D        E       F      G
               +--------+--------+--------+--------+--------+-----+--------+
         Total |   4425 |   4027 |    398 |    135 |   2743 |   8 |  553.1 |
       Dungeon |   4095 |   3738 |    357 |    105 |   2647 |   6 |  682.5 |
        Temple |     43 |      3 |     40 |      0 |      0 |   1 |   43.0 |
         Sewer |    285 |    285 |      0 |     30 |     96 |   1 |  285.0 |
               +--------+--------+--------+--------+--------+-----+--------+

Top non-repeatable levels by time:
     D:2: 949 daAuts
     D:5: 925 daAuts
     D:1: 829 daAuts
     D:3: 712 daAuts
     D:4: 456 daAuts
   Sewer: 285 daAuts
     D:6: 221 daAuts
  Temple: 43 daAuts
